 Dungeon Crawl Stone Soup version 0.19.1 (webtiles) character file.

300 dajomu the Chopper (level 6, -2/52 HPs)
             Began as a Minotaur Gladiator on Dec 7, 2016.
             Was a Follower of Elyvilon.
             Killed from afar by an orc wizard (8 damage)
             ... with a puff of frost
             ... on level 4 of the Dungeon on Dec 10, 2016.
             The game lasted 00:44:40 (4306 turns).

dajomu the Chopper (Minotaur Gladiator)             Turns: 4306, Time: 00:44:41

Health: -2/52      AC:  7    Str: 18 (20) XL:     6   Next: 13%
Magic:  5/5        EV: 11    Int:  7      God:    Elyvilon [*.....]
Gold:   273        SH:  0    Dex:  8 (10) Spells: 0 memorised, 5 levels left

rFire  . . .     SeeInvis .     a - +1 war axe
rCold  . . .     Gourm    .     n - +1 scale mail
rNeg   . . .     Faith    .     (no shield)
rPois  .         Spirit   .     c - +0 hat
rElec  .         Reflect  .     (no cloak)
rCorr  .         Harm     .     (no gloves)
MR     .....                    (no boots)
Stlth  ..........               (no amulet)
                                (no ring)
                                (no ring)

@: no status effects
A: retaliatory headbutt, horns 2
a: Lesser Healing, Divine Protection, Renounce Religion


You were on level 4 of the Dungeon.
You worshipped Elyvilon.
Elyvilon was aware of your devotion.
You were not hungry.

You visited 1 branch of the dungeon, and saw 4 of its levels.

You collected 273 gold pieces.

Inventory:

Hand Weapons
 a - a +1 war axe (weapon)
 j - a +0 short sword
 k - a +0 flail
 r - a +1 dagger of draining
 s - a +0 blowgun
 A - a +0 giant spiked club
Missiles
 d - 3 throwing nets (quivered)
 u - 4 javelins
 w - 13 poisoned needles
Armour
 b - a +0 leather armour
 c - a +0 hat (worn)
 e - a +0 robe
 n - a +1 scale mail (worn)
 v - a +0 scale mail
 x - a +0 scale mail
 y - a +0 robe
Magical Staves
 t - an uncursed staff of power {unknown}
Jewellery
 l - an uncursed ring of flight
 m - a cursed -3 ring of protection
 q - an uncursed ring of stealth {unknown}
Scrolls
 h - 2 scrolls of teleportation
 o - 2 scrolls of remove curse
 z - 2 scrolls of random uselessness {unknown}
Potions
 g - 2 potions of lignification
Comestibles
 f - a bread ration
 i - 3 meat rations
 p - a slice of pizza


   Skills:
 + Level 3.9 Fighting
 + Level 6.0 Axes
 + Level 2.0 Throwing
 + Level 3.4 Armour
 + Level 4.1 Dodging
 + Level 0.5 Stealth


You had 5 spell levels left.
You didn't know any spells.

Dungeon Overview and Level Annotations

Branches:
Dungeon (4/15)
 Temple: D:4-7

Altars:
Elyvilon
Gozag
Trog
Yredelemnul

Shops:
D:2 *


Innate Abilities, Weirdness & Mutations

You reflexively headbutt those who attack you in melee.
You have a pair of horns on your head.


Message History

Increase (S)trength, (I)ntelligence, or (D)exterity?
You feel clever.
You see here a giant spiked club.
You see here a giant spiked club.
A - a giant spiked club
There is a stone staircase leading up here.
An orc, an orc priest and an orc wizard come into view.
The orc wizard shouts!
The orc priest shouts!
The orc priest invokes the aid of Beogh against you.
Beogh smites you!
* * * LOW HITPOINT WARNING * * *
The orc wizard looks satisfied for a moment.
The orc wizard gestures wildly while chanting.
The orc wizard seems to speed up.
The orc wizard mumbles some strange words.
Found a stone staircase leading up.
Found 9 gold pieces.
The orc wizard casts a spell at you. The puff of frost hits you!
You die...

## #..# #.# #...#
#..# #.# #...#
###.######o# #o..#
#..<.......# #o..#
##.###.###o##########
#...# ####.#
##.##..o...<..$.
....# .....#
#.#####..###.#
####.## ##.# #..#
##.###.######@.#
##................#
###.#######.####.#
#.# #.# #.# #.# ..#
..# ### ###


You could see an orc wizard.

Vanquished Creatures
  An ogre (D:4)
  A worker ant (D:3)
  7 adders
  4 gnolls (D:2)
  2 worms (D:2)
  2 dart slugs
  2 leopard geckos (D:3)
  6 giant cockroaches
  15 goblins
  10 hobgoblins
  2 jackals (D:2)
  A quokka (D:3)
  9 bats
  2 frilled lizards
  8 kobolds
  10 rats
82 creatures vanquished.

Notes
Turn   | Place    | Note
-------+----------+-------------------------------------------
     0 | D:1      | dajomu the Minotaur Gladiator began the quest for the Orb.
     0 | D:1      | Reached XP level 1. HP: 18/18 MP: 0/0
   297 | D:1      | Reached XP level 2. HP: 19/25 MP: 1/1
   349 | D:1      | Reached skill level 4 in Axes
   742 | D:1      | Reached skill level 1 in Armour
  1078 | D:1      | Reached XP level 3. HP: 30/30 MP: 2/2
  1390 | D:2      | Found Gozag's Platinum Reserve.
  1393 | D:2      | Found an opulent altar of Gozag.
  1588 | D:2      | Reached XP level 4. HP: 12/38 MP: 3/3
  1617 | D:2      | Found a white marble altar of Elyvilon.
  1632 | D:2      | Became a worshipper of Elyvilon the Healer
  1932 | D:2      | Found a basalt altar of Yredelemnul.
  3035 | D:3      | Gained mutation: You are somewhat resistant to further mutation. [potion of mutation]
  3035 | D:3      | Lost mutation: You are somewhat resistant to further mutation. [potion of mutation]
  3047 | D:3      | Reached skill level 5 in Axes
  3184 | D:3      | Reached * piety under Elyvilon
  3191 | D:3      | Reached XP level 5. HP: 39/45 MP: 4/4
  3771 | D:3      | Found a bloodstained altar of Trog.
  4235 | D:4      | Noticed an ogre
  4251 | D:4      | Killed an ogre
  4251 | D:4      | Reached skill level 6 in Axes
  4251 | D:4      | Reached XP level 6. HP: 7/52 MP: 5/5
  4284 | D:4      | HP: 2/52 [orc priest/divine providence (11)]
  4306 | D:4      | Killed from afar by an orc wizard

Skill      XL: |  1  2  3  4  5 |
---------------+----------------+-----
Axes           | 4 5 6 |  6.0
Armour         | 1 2 3 |  3.4
Fighting       | 3 |  3.9
Dodging        | 4 |  4.1
Throwing       | |  2.0
Stealth        | |  0.5

Action                   |  1- 3 |  4- 6 || total
-------------------------+-------+-------++-------
Melee: War axe           |    84 |   122 ||   206
       Headbutt          |    10 |    13 ||    23
  Use: Scroll            |     6 |     3 ||     9
       Potion            |       |     7 ||     7
  Eat: Meat ration       |     1 |       ||     1
       Bread ration      |       |     1 ||     1
       Pizza             |       |     1 ||     1
Armor: Leather armour    |    13 |       ||    13
       Scale mail        |     8 |    51 ||    59
Dodge: Dodged            |    56 |    78 ||   134
